 Dungeon Crawl Stone Soup version 0.20.0-15-g7f486f2 (webtiles) character file.

92832 asdasd2 the Severer (level 15, -4/145 HPs)
             Began as a Minotaur Fighter on June 28, 2017.
             Was the Champion of Okawaru.
             Slain by an Executioner (18 damage)
             ... summoned by a deep elf demonologist
             ... on level 1 of the Elven Halls.
             The game lasted 00:49:26 (24769 turns).

asdasd2 the Severer (Minotaur Fighter)             Turns: 24769, Time: 00:49:26

Health: -4/145     AC: 27    Str: 36    XL:     15   Next: 59%
Magic:  15/15      EV: 10    Int: 10    God:    Okawaru [******]
Gold:   1251       SH: 12    Dex:  9    Spells: 14/14 levels left

rFire    + + +     SeeInvis +   k - +12 broad axe of Precise Incision {protect, rF- MR+ Str+4}
rCold    + . .     Gourm    .   I - +2 shield of Resistance {rF+ rC+ MR+}
rNeg     . . .     Faith    .   u - +0 plate armour {rF+}
rPois    .         Spirit   .   D - +1 hat {MR+}
rElec    .         Reflect  .   E - +1 cloak {MR+}
rCorr    .         Harm     .   G - +2 pair of gloves of Moral Flaws {Str+4 Int+5 SInv Stlth-}
MR       +++++                  K - +1 pair of boots {Stlth+}
Stlth    ..........             o - amulet of rage
Regen    0.4/turn               j - ring of protection from fire
MPRegen  0.2/turn               Z - ring of protection from fire

@: about to teleport
A: retaliatory headbutt, horns 2
a: Heroism, Finesse, Renounce Religion, Evoke Berserk Rage


You were on level 1 of the Elven Halls.
You worshipped Okawaru.
Okawaru was exalted by your worship.
You were not hungry.

You visited 5 branches of the dungeon, and saw 25 of its levels.

You collected 2287 gold pieces.
You spent 1036 gold pieces at shops.

Inventory:

Hand Weapons
 k - the +12 broad axe of Precise Incision (weapon) {protect, rF- MR+ Str+4}
   (Okawaru gifted it to you on level 14 of the Dungeon)

   It protects the one who uses it against injury (+AC on strike).
   It affects your strength (+4).
   It makes you vulnerable to fire.
   It affects your resistance to hostile enchantments.
 N - a +3 vampiric battleaxe
 V - a +2 mace of crushing
Armour
 u - a +0 plate armour of fire resistance (worn)
 D - a +1 hat of magic resistance (worn)
 E - a +1 cloak of magic resistance (worn)
 G - the +2 pair of gloves of Moral Flaws (worn) {Str+4 Int+5 SInv Stlth-}
   (Okawaru gifted it to you on level 6 of the Lair of Beasts)

   It affects your strength (+4).
   It affects your intelligence (+5).
   It lets you see invisible.
   It makes you less stealthy.
 I - the +2 shield of Resistance (worn) {rF+ rC+ MR+}
   (You bought it in a shop on level 12 of the Dungeon)

   It protects you from fire.
   It protects you from cold.
   It affects your resistance to hostile enchantments.
 K - a +1 pair of boots of stealth (worn)
 U - the +2 pair of gloves of a wizard's laboratory {rC+++ rN+ Str-2 Slay+2}
   (Okawaru gifted it to you on level 10 of the Dungeon)

   It affects your strength (-2).
   It affects your accuracy and damage with ranged weapons and melee attacks
   (+2).
   It renders you almost immune to cold.
   It protects you from negative energy.
Jewellery
 a - an uncursed ring of protection from magic {unknown}
 j - a ring of protection from fire (left hand)
 o - an amulet of rage (around neck)
 v - an uncursed ring of positive energy
 A - an uncursed ring of see invisible
 F - a +3 ring of protection
 Z - a ring of protection from fire (right hand)
Wands
 J - a wand of disintegration (16/24)
 S - a wand of digging (18/24)
 X - a wand of disintegration (3/24)
Scrolls
 b - 7 scrolls of teleportation
 d - a scroll of amnesia
 g - a scroll of blinking
 l - 7 scrolls of remove curse
 m - 8 scrolls of enchant armour
 n - 2 scrolls of silence
 t - 4 scrolls of fog
 w - a scroll of magic mapping
 T - 4 scrolls of fear
 W - a scroll of recharging
Potions
 e - 3 potions of cancellation
 h - 5 potions of invisibility
 i - 6 potions of agility
 p - 8 potions of curing
 r - a potion of berserk rage
 s - 4 potions of haste
 x - 2 potions of magic
 y - a potion of resistance
 B - 2 potions of might
 H - 6 potions of heal wounds
 L - 4 potions of mutation
 O - 3 potions of ambrosia
 P - 4 potions of brilliance
 R - 2 potions of flight
Books
 C - a book of Conjurations

   Spells                             Type                      Level
   a - Magic Dart                     Conjuration                  1
   b - Searing Ray                    Conjuration                  2
   c - Dazzling Spray                 Conjuration/Hexes            3
   d - Fulminant Prism                Conjuration/Hexes            4
   e - Force Lance                    Conjuration/Translocation    4
   f - Iskenderun's Mystic Blast      Conjuration                  4
Comestibles
 c - 17 royal jellies
 f - 12 bread rations
 q - 3 fruits
 z - 8 meat rations


   Skills:
 + Level 16.4 Fighting
 + Level 20.1(20.3) Axes
 - Level 4.6(14.3) Maces & Flails
 + Level 16.2 Armour
 + Level 7.8 Dodging
 - Level 3.6 Shields
 + Level 2.2 Invocations


You had 14 spell levels left.
You didn't know any spells.

Dungeon Overview and Level Annotations

Branches:
Dungeon (15/15)            Temple (1/1) D:6            Lair (6/6) D:9
 Shoals (0/4) Lair:4        Snake (0/4) Lair:3        Slime (0/5) Lair:5
    Orc (2/2) D:12            Elf (1/3) Orc:2        Vaults (0/5) D:13
 Depths (0/5) D:15

Altars:
Ashenzari
Cheibriados
Dithmenos
Elyvilon
Fedhas
Gozag
Hepliaklqana
Kikubaaqudgha
Makhleb
Nemelex Xobeh
Okawaru
Qazlal
Ru
Sif Muna
Trog
Uskayaw
Vehumet
Xom
Yredelemnul
Zin
The Shining One

Shops:
D:12 *   D:15 [   Orc:2 *[(:


Innate Abilities, Weirdness & Mutations

You reflexively headbutt those who attack you in melee.
You have a pair of horns on your head.


Message History

The Executioner hits you but does no damage.
As you read the scroll of teleportation, it crumbles to dust.
You feel strangely unstable. You block the Executioner's attack.
The Executioner hits you but does no damage.
The Executioner barely misses you. The Executioner hits you.
* * * LOW HITPOINT WARNING * * *
The Executioner hits you but does no damage. x2
You block the Executioner's attack. The Executioner hits you.
* * * LOW HITPOINT WARNING * * *
The Executioner hits you but does no damage.
The Executioner closely misses you. You furiously retaliate!
You headbutt the Executioner! The Executioner closely misses you.
The Executioner barely misses you.
The Executioner hits you but does no damage. x2
The Executioner hits you.
* * * LOW HITPOINT WARNING * * *
You block the Executioner's attack.
The Executioner hits you but does no damage.
You block the Executioner's attack. The Executioner hits you!!
You die...

#+#### ##'.....#+ ##.... #.#
##.##>..## ###'# #.# ##.## ####
#.# #.# ##.## ##### #.# #.# ##.##
##...## ##'# # #.# ##.##
##.....## ##... .###'###.##
##.(.....## +#....
#+.....'#######.........# ##.....
#.......'.....'.@1...e.2###......
#.......#######.........'.)......
#.......# ##.......####......
#.......# #+.....## ##.....
##+###..# ##...+# ##.).. ####
##+## ##... #### #88 ...


You could see an Executioner, a blizzard demon and a deep elf demonologist.

Vanquished Creatures
  Gastronok (Lair:2)
  Kirke (Lair:6)
  An orc warlord (Orc:1)
  A deep elf sorcerer (Elf:1)
  Nessos (Lair:6)
  The ghost of Agrougrou the Cleaver, a journeyman DsFi of Okawaru (D:14)
  A dire elephant (Lair:6)
  Snorg (D:11)
  2 deep elf high priests (Elf:1)
  Fannar (D:12)
  The ghost of Terandir the Cleaver, a journeyman MiFi of Cheibriados (D:10)
  Erolcha (D:11)
  4 hydras
  7 two-headed ogres
  2 catoblepae
  3 dancing weapons (Elf:1)
  A centaur warrior (D:14)
  A deep troll shaman (Lair:6)
  4 death yaks (Lair:6)
  3 orc high priests (Orc:2)
  A vampire mage (D:15)
  Sonja (D:12)
  2 deep elf knights (Elf:1)
  2 skeletal warriors (D:15)
  2 unseen horrors
  3 deep elf archers (Elf:1)
  A necromancer (D:15)
  3 orc knights
  Pikel (D:7)
  An iron dragon zombie (D:15)
  A cyclops (D:13)
  10 deep elf magi
  5 orc sorcerers (Orc:2)
  11 ugly things
  A salamander (shapeshifter) (D:13)
  A frost giant skeleton (D:15)
  A manticore (D:13)
  2 merfolk sirens (Lair:4)
  4 elephants (Lair:6)
  5 black mambas
  A centaur zombie (D:11)
  Joseph (D:7)
  3 centaur skeletons
  2 gargoyles
  An efreet (D:14)
  A spiny frog (shapeshifter) (D:13)
  A spriggan zombie (D:15)
  3 rime drakes
  7 spiny frogs
  3 komodo dragons
  A kobold demonologist (D:13)
  A tengu conjurer (D:13)
  A queen bee (Lair:1)
  10 trolls
  4 polar bears
  3 meliai (D:14)
  A hornet (D:14)
  Prince Ribbit (D:6)
  8 blink frogs
  An ettin zombie (D:15)
  12 hippogriffs
  2 shadows
  An air elemental (Elf:1)
  A spriggan (shapeshifter) (Elf:1)
  Sigmund (D:6)
  A spriggan (D:8)
  5 wyverns
  32 yaks
  2 water elementals (Elf:1)
  A vampire (D:15)
  Eustachio (D:5)
  A yak (shapeshifter) (D:13)
  2 basilisks
  A fire elemental (Elf:1)
  5 hogs (Lair:6)
  2 hungry ghosts
  A steam dragon (D:11)
  5 wargs (Orc:2)
  Menkaure (D:6)
  12 vampire mosquitoes
  4 nagas (Lair:3)
  Edmund (D:5)
  8 water moccasins
  8 porcupines
  2 hell hounds (D:9)
  An eye of draining (D:12)
  19 orc warriors
  4 ice beasts
  A slave (D:7)
  3 phantoms
  A hornet zombie (D:12)
  2 black bears (Lair:6)
  19 ogres
  8 sky beasts
  3 necrophages
  15 centaurs
  12 wolves
  14 crocodiles
  Blork the orc (D:5)
  11 bullfrogs
  A wyvern skeleton (D:11)
  A water moccasin skeleton (D:8)
  4 scorpions
  11 wights
  30 killer bees
  4 howler monkeys
  An electric eel (Lair:5)
  10 crimson imps
  2 quasits (D:12)
  3 bullfrog skeletons
  A bullfrog zombie (D:8)
  7 orc priests
  8 hounds
  17 jellies
  14 orc wizards
  Crazy Yiuf (D:7)
  3 iguanas
  6 worker ants
  A hound zombie (D:5)
  3 hound skeletons
  A mummy (D:8)
  3 worker ant zombies
  2 gnolls
  2 howler monkey skeletons
  15 adders
  2 shadow imps
  An ooze (Lair:5)
  A worm (D:4)
  2 dart slugs (D:1)
  5 leopard geckos
  73 orcs
  A ball python (D:4)
  6 bats
  9 giant cockroaches
  4 goblins
  5 hobgoblins
  15 jackals
  3 quokkas
  6 frilled lizards
  5 kobolds
  A leopard gecko zombie (D:8)
  2 rats
  A bush (Lair:6)
  8 fungi
  3 plants (Lair:6)
680 creatures vanquished.

Vanquished Creatures (others)
  A slave (D:7)
  A bullfrog skeleton (D:7)
  4 fungi
  5 plants
11 creatures vanquished.

Grand Total: 691 creatures vanquished

Notes
Turn   | Place    | Note
-------+----------+-------------------------------------------
     0 | D:1      | asdasd2 the Minotaur Fighter began the quest for the Orb.
     0 | D:1      | Reached XP level 1. HP: 19/19 MP: 0/0
   161 | D:1      | Reached XP level 2. HP: 27/27 MP: 1/1
   360 | D:1      | Reached XP level 3. HP: 31/33 MP: 2/2
   395 | D:1      | Reached skill level 3 in Axes
   899 | D:2      | Found a sparkling altar of Nemelex Xobeh.
  1070 | D:2      | Reached XP level 4. HP: 41/41 MP: 3/3
  1435 | D:3      | Reached skill level 1 in Dodging
  1873 | D:3      | Found a glowing silver altar of Zin.
  1875 | D:3      | Found an ancient bone altar of Kikubaaqudgha.
  1875 | D:3      | Found a shattered altar of Ashenzari.
  1984 | D:4      | Noticed an ogre
  1994 | D:4      | Killed an ogre
  1994 | D:4      | Reached skill level 4 in Axes
  1994 | D:4      | Reached XP level 5. HP: 35/47 MP: 4/4
  2294 | D:4      | Noticed an ogre
  2440 | D:4      | Killed an ogre
  2440 | D:4      | Reached skill level 5 in Fighting
  2440 | D:4      | Reached skill level 5 in Axes
  2440 | D:4      | Reached skill level 5 in Armour
  2440 | D:4      | Reached XP level 6. HP: 56/56 MP: 5/5
  2720 | D:4      | Reached skill level 6 in Axes
  3334 | D:5      | Entered Level 5 of the Dungeon
  3340 | D:5      | Reached XP level 7. HP: 49/61 MP: 6/6
  3370 | D:5      | Noticed Edmund
  3393 | D:5      | Killed Edmund
  3393 | D:5      | Reached skill level 7 in Axes
  3706 | D:4      | HP: 2/63 [orc/trident (8)]
  3985 | D:5      | Reached XP level 8. HP: 57/70 MP: 7/7
  3988 | D:5      | Reached skill level 8 in Axes
  4066 | D:5      | Noticed Blork the orc
  4323 | D:5      | Paralysed by Blork the orc for 5 turns
  4337 | D:5      | Killed Blork the orc
  4426 | D:5      | Noticed Eustachio
  4442 | D:5      | Lost dexterity.
  5110 | D:6      | Found a staircase to the Ecumenical Temple.
  5171 | Temple   | Entered the Ecumenical Temple
  5247 | Temple   | Became a worshipper of Warmaster Okawaru
  5648 | D:5      | Killed Eustachio
  5648 | D:5      | Reached skill level 9 in Axes
  5792 | D:6      | Found a sacrificial altar of Ru.
  5843 | D:6      | Noticed Sigmund
  5843 | D:6      | Noticed Menkaure
  5895 | D:6      | Killed Sigmund
  5897 | D:6      | Killed Menkaure
  5897 | D:6      | Reached * piety under Okawaru
  6326 | D:6      | Reached XP level 9. HP: 78/78 MP: 8/8
  6338 | D:6      | Noticed Prince Ribbit
  6354 | D:6      | Killed Prince Ribbit
  6621 | D:7      | Noticed Pikel
  6687 | D:7      | Reached skill level 10 in Axes
  7125 | D:7      | Reached ** piety under Okawaru
  7133 | D:7      | Killed Pikel
  7133 | D:7      | Reached skill level 10 in Armour
  7156 | D:7      | Found an opulent altar of Gozag.
  7377 | D:7      | Noticed Joseph
  7382 | D:7      | Killed Joseph
  7382 | D:7      | Reached skill level 11 in Axes
  7411 | D:7      | Reached *** piety under Okawaru
  7426 | D:7      | Found a runed door.
  7687 | D:7      | Noticed Crazy Yiuf
  7693 | D:7      | Killed Crazy Yiuf
  7936 | D:8      | Found a shadowy altar of Dithmenos.
  8029 | D:8      | Reached XP level 10. HP: 85/88 MP: 9/9
  8030 | D:8      | Noticed a two-headed ogre
  8045 | D:8      | Killed a two-headed ogre
  8339 | D:8      | Found a burning altar of Makhleb.
  8343 | D:8      | Reached skill level 12 in Axes
  8384 | D:8      | Noticed a two-headed ogre
  8394 | D:8      | Killed a two-headed ogre
  8394 | D:8      | Reached **** piety under Okawaru
  8518 | D:8      | Noticed a two-headed ogre
  8549 | D:8      | Killed a two-headed ogre
  8568 | D:8      | Reached skill level 13 in Axes
  8883 | D:8      | Found a snail-covered altar of Cheibriados.
  8994 | D:9      | Found a staircase to the Lair.
  9016 | D:9      | Reached ***** piety under Okawaru
  9442 | D:9      | Reached XP level 11. HP: 90/97 MP: 10/10
  9535 | D:9      | Found a sparkling altar of Nemelex Xobeh.
  9947 | D:9      | Noticed a green ugly thing
  9958 | D:9      | Killed a green ugly thing
 10025 | D:10     | Entered Level 10 of the Dungeon
 10100 | D:10     | Received a gift from Okawaru
 10103 | D:10     | Got a pair of steaming gloves {god gift}
 10115 | D:10     | Identified the +2 pair of gloves of a wizard's laboratory {rC+++ rN+ Str-2 Slay+2} (Okawaru gifted it to you on level 10 of the Dungeon)
 10241 | D:10     | Reached skill level 14 in Axes
 10370 | D:10     | Noticed Terandir's ghost (journeyman MiFi)
 10385 | D:10     | Killed Terandir's ghost
 10385 | D:10     | Reached skill level 10 in Fighting
 10385 | D:10     | Reached skill level 1 in Invocations
 10828 | D:11     | Noticed a cyan ugly thing
 10841 | D:11     | Killed a cyan ugly thing
 11066 | D:11     | Noticed a green ugly thing
 11083 | D:11     | Killed a green ugly thing
 11317 | D:11     | Noticed Erolcha
 11327 | D:11     | Killed Erolcha
 11687 | D:12     | Noticed a cyan ugly thing
 11687 | D:12     | Noticed a two-headed ogre
 11738 | D:12     | Found a staircase to the Orcish Mines.
 11745 | D:12     | Reached skill level 15 in Axes
 11785 | D:12     | Noticed Sonja
 11791 | D:12     | Killed Sonja
 12183 | D:12     | Killed a cyan ugly thing
 12183 | D:12     | Reached XP level 12. HP: 36/110 MP: 5/12
 12454 | D:12     | Killed a two-headed ogre
 12454 | D:12     | Reached skill level 5 in Dodging
 12593 | D:12     | Noticed Fannar
 12614 | D:12     | Killed Fannar
 12614 | D:12     | Received a gift from Okawaru
 12682 | D:12     | Found Syin's General Store.
 12690 | D:12     | Bought a scroll of identify for 28 gold pieces
 13094 | D:13     | Reached skill level 16 in Axes
 13212 | D:13     | Noticed a two-headed ogre
 13220 | D:13     | Killed a two-headed ogre
 13312 | D:13     | Found a gate to the Vaults.
 13903 | D:13     | Noticed a two-headed ogre
 13911 | D:13     | Killed a two-headed ogre
 14593 | D:14     | Received a gift from Okawaru
 14599 | D:14     | Got a faintly glowing broad axe {god gift}
 14601 | D:14     | Identified the +12 broad axe of Precise Incision {protect, rF- MR+ Str+4} (Okawaru gifted it to you on level 14 of the Dungeon)
 14742 | D:12     | Bought the +2 shield of Resistance {rF+ rC+ MR+} for 575 gold pieces
 14830 | D:14     | Reached XP level 13. HP: 114/119 MP: 13/13
 14935 | D:14     | Paralysed by a hornet for 2 turns
 15110 | D:14     | Reached skill level 17 in Axes
 15653 | D:14     | Noticed Agrougrou's ghost (journeyman DsFi)
 15666 | D:14     | Killed Agrougrou's ghost
 15891 | D:14     | Received a gift from Okawaru
 16168 | D:15     | Entered Level 15 of the Dungeon
 16202 | D:15     | Found a hide-covered altar of Uskayaw.
 16204 | D:15     | Found a hide-covered altar of Uskayaw.
 16204 | D:15     | Found a shadowy altar of Dithmenos.
 16206 | D:15     | Found a shimmering altar of Xom.
 16206 | D:15     | Found a shadowy altar of Dithmenos.
 16206 | D:15     | Found an ancient bone altar of Kikubaaqudgha.
 16337 | D:15     | Found a staircase to the Depths.
 16377 | D:15     | Reached ****** piety under Okawaru
 16443 | D:15     | Reached skill level 18 in Axes
 16596 | D:15     | Found Equdol's Antique Armour Shoppe.
 16604 | D:15     | Bought an embroidered cloak for 195 gold pieces
 17199 | Lair:1   | Entered Level 1 of the Lair of Beasts
 17311 | Lair:1   | Received a gift from Okawaru
 17764 | Lair:1   | Reached XP level 14. HP: 130/130 MP: 11/14
 18029 | Lair:2   | Reached skill level 1 in Maces & Flails
 18213 | Lair:2   | Noticed Gastronok
 18231 | Lair:2   | Killed Gastronok
 18638 | Lair:2   | Received a gift from Okawaru
 19156 | Lair:3   | Found a staircase to the Snake Pit.
 20335 | Lair:4   | Found a staircase to the Shoals.
 20769 | Lair:5   | Found a staircase to the Slime Pits.
 21298 | Lair:6   | Entered Level 6 of the Lair of Beasts
 21317 | Lair:6   | Reached skill level 15 in Armour
 21318 | Lair:6   | Received a gift from Okawaru
 21332 | Lair:6   | Got a pair of faintly humming gloves {god gift}
 21343 | Lair:6   | Identified the +2 pair of gloves of Moral Flaws {Str+4 Int+5 SInv Stlth-} (Okawaru gifted it to you on level 6 of the Lair of Beasts)
 21435 | Lair:6   | Found a shimmering altar of Xom.
 21497 | Lair:6   | Reached skill level 19 in Axes
 21677 | Lair:6   | Reached skill level 15 in Fighting
 21680 | Lair:6   | Noticed Nessos
 21696 | Lair:6   | Killed Nessos
 22247 | Lair:6   | Noticed Kirke
 22264 | Lair:6   | Killed Kirke
 22605 | D:11     | Noticed Snorg
 22614 | D:11     | Killed Snorg
 22614 | D:11     | Reached XP level 15. HP: 102/141 MP: 15/15
 22665 | Orc:1    | Entered Level 1 of the Orcish Mines
 22899 | Orc:2    | Entered Level 2 of the Orcish Mines
 22902 | Orc:2    | Noticed an orc warlord
 22926 | Orc:1    | Killed an orc warlord
 23191 | Orc:2    | Found Idghe Udu's General Store.
 23191 | Orc:2    | Found Cir Jir's Book Emporium.
 23195 | Orc:2    | Received a gift from Okawaru
 23398 | Orc:2    | Found Myutav's Antique Armour Shop.
 23508 | Orc:2    | Found a staircase to the Elven Halls.
 23576 | Orc:2    | Bought 2 potions of heal wounds for 170 gold pieces
 23576 | Orc:2    | Bought a potion of might for 68 gold pieces
 23728 | Orc:2    | Found Keexod's Antique Weapon Boutique.
 23977 | Elf:1    | Entered Level 1 of the Elven Halls
 24585 | Elf:1    | Noticed a deep elf sorcerer
 24592 | Elf:1    | Killed a deep elf sorcerer
 24718 | Elf:1    | Reached skill level 20 in Axes
 24760 | Elf:1    | Noticed an Executioner
 24769 | Elf:1    | Slain by an Executioner

Skill      XL: |  1  2  3  4  5  6  7  8  9 10 11 12 13 14 15 |
---------------+----------------------------------------------+-----
Fighting       | 4 5 6 8 9 11 12 13 15 16 | 16.4
Armour         | 4 5 6 8 10 11 12 13 14 15 16 | 16.2
Axes           | 3 4 5 6 7 9 11 13 15 16 18 19 20 | 20.1
Dodging        | 1 2 3 4 5 6 7 |  7.8
Invocations    | 1 2 |  2.2
Maces & Flails | 4 |  4.6
Shields        | |  3.6

Action                   |  1- 3 |  4- 6 |  7- 9 | 10-12 | 13-15 || total
-------------------------+-------+-------+-------+-------+-------++-------
Melee: War axe           |    47 |       |   160 |   521 |       ||   728
       Headbutt          |     6 |    26 |    66 |   105 |   193 ||   396
       Hand axe          |    24 |   126 |   158 |       |       ||   308
       Punch             |       |       |       |     1 |       ||     1
       Broad axe         |       |       |       |    15 |   652 ||   667
       Mace              |       |       |       |       |   171 ||   171
Invok: Heroism           |       |       |       |     7 |     3 ||    10
       Finesse           |       |       |       |       |     1 ||     1
  Use: Scroll            |     5 |     8 |     4 |     9 |    12 ||    38
       Potion            |       |     2 |     5 |     2 |       ||     9
  Eat: Chunk             |       |     8 |     7 |    17 |    18 ||    50
       Royal jelly       |       |       |     2 |       |     3 ||     5
       Fruit             |       |       |     3 |     6 |     8 ||    17
       Bread ration      |       |       |     1 |       |       ||     1
       Meat ration       |       |       |       |     1 |       ||     1
Armor: Scale mail        |    58 |    20 |       |       |       ||    78
       Chain mail        |       |    31 |   226 |   265 |   326 ||   848
       Plate armour      |       |       |       |       |    85 ||    85
Dodge: Dodged            |    49 |    65 |   161 |   242 |   211 ||   728
Block: Shield            |       |       |       |     2 |   415 ||   417
